 Dungeon Crawl Stone Soup version 0.29.1-4-g47bece8355 (webtiles) character file.

Game seed: 14821546322330582295

995 hawla the Chiller (level 8, -1/58 HPs)
             Began as a Meteoran Ice Elementalist on Dec 12, 2022.
             Was a Follower of Vehumet.
             Shot with an arrow by a centaur (7 damage)
             ... on level 8 of the Dungeon.
             The game lasted 00:09:27 (1327 turns).

hawla the Chiller (Meteoran Ice Elementalist)       Turns: 1327, Time: 00:09:28

Health: -1/58      AC:  7    Str: 11    XL:     8   Next: 70%
Magic:  11/18      EV: 13    Int: 18    God:    Vehumet [*.....]
Gold:   148        SH:  0    Dex: 14    Spells: 7/19 levels left

rFire   . . .      SeeInvis .   (no weapon)
rCold   . . .      Faith    .   (no shield)
rNeg    . . .      Spirit   .   a - +0 steam dragon scales
rPois   .          Reflect  .   d - +0 helmet
rElec   .          Harm     .   (no cloak)
rCorr   .          Rampage  .   (no gloves)
Will    +....                   g - +0 pair of boots
Stlth   +.........              (no amulet)
HPRegen 0.19/turn               (no ring)
MPRegen 0.16/turn               (no ring)

@: brilliant, about to teleport, glowing
A: sense surroundings 1, otherworldly, glowing, explore regen
a: Renounce Religion


You were on level 8 of the Dungeon.
You worshipped Vehumet.
Vehumet was aware of your devotion.
You visited 1 branch of the dungeon, and saw 8 of its levels.

You collected 148 gold pieces.

Inventory:

Armour
 a - +0 steam dragon scales (worn)
 c - a +2 robe of the Archmagi
 d - a +0 helmet (worn)
 g - a +0 pair of boots (worn)
Wands
 j - a wand of flame (10) (quivered)
Potions
 b - a potion of magic
 i - a potion of cancellation


   Skills:
 - Level 0.8 Fighting
 - Level 3.0 Dodging
 - Level 1.4 Stealth
 - Level 6.1 Spellcasting
 - Level 5.3 Conjurations
 + Level 4.5 Fire Magic
 - Level 6.3 Ice Magic
 - Level 2.0 Evocations


You had 7 spell levels left.
You knew the following spells:

 Your Spells              Type           Power      Damage    Failure   Level
a - Freeze                Ice            100%       1d11      1%          1
b - Frozen Ramparts       Ice            84%        1d13      2%          3
c - Hailstorm             Conj/Ice       40%        3d10      11%         4
d - Flame Wave            Conj/Fire      35%        2d10      16%         4

Your spell library contained the following spells:

 Spells                   Type           Power      Damage    Failure   Level
 Magic Dart               Conj           100%       1d8       1%          1
 Foxfire                  Conj/Fire      100%       2x1d9     1%          1
 Ozocubu's Armour         Ice            42%        N/A       2%          3
 Conjure Flame            Conj/Fire      35%        6-21      4%          3
 Inner Flame              Hex/Fire       20%        N/A       14%         3


Dungeon Overview and Level Annotations

Branches:
Dungeon (8/15) Zot: 3482
 Temple: D:4-7         Lair: D:8-11

Altars:
Vehumet
Yredelemnul

Annotations:
D:5 2 runed translucent doors, lotum's ghost, amateur HOFi


Innate Abilities, Weirdness & Mutations

You passively map a small area around you.
You are easily found by Zot.
You glow in the dark.
You regain HP and MP as you explore.


Message History

You can't see any susceptible monsters within range! (Use Z to cast anyway.)
Casting: Freeze (safe; 1% risk of failure)
Confirm with . or Enter, or press ? or * to list all spells.
Casting: Frozen Ramparts (dangerous; 2% risk of failure)
Press: ? - help, Dir - look around, f - activate You feel a surge of power!
The walls around you are covered in ice.
It was a potion of brilliance.
You feel clever all of a sudden.
The wall freezes the bullfrog!
Casting: Frozen Ramparts (dangerous; 2% risk of failure)
Confirm with . or Enter, or press ? or * to list all spells.
Aiming: Freeze (safe; 1% risk of failure)
Press: ? - help, Shift-Dir - straight line, f - bullfrog
Aim: a bullfrog (moderately wounded)
You feel a strong surge of power!
You freeze the bullfrog!
The bullfrog is severely wounded.
The wall freezes the bullfrog!
You kill the bullfrog!
Vehumet accepts your kill.
Your Fire Magic skill increases to level 4!
The frozen ramparts melt away as you move.
Things that are here:
+0 steam dragon scales; a steam dragon corpse You start removing your armour.
You continue taking off your +2 robe of the Archmagi. x4
You finish taking off your +2 robe of the Archmagi.
You feel strangely numb.
You start putting on your armour.
You continue putting on your +0 steam dragon scales. x5
You finish putting on your +0 steam dragon scales.
A centaur comes into view. It is quivering poisoned darts.
You see here a steam dragon corpse.
The centaur shouts!
The centaur wields a +0 shortbow.
The centaur shoots an arrow.
The arrow hits you.
* * * LOW HITPOINT WARNING * * *
As you read the scroll of teleportation, it crumbles to dust.
You feel strangely unstable.
The centaur shoots an arrow.
The arrow hits you!
You die...

#..#### #..#
##.# #.# #.#
#.## ###..###
###......###
#...@†.....###
#..###...)....#*
#... #......##.
, ..# *##†....#,
, * , #..!..# ,
, * * , * ,
.#c...# , ,c
....# * , ..
....# , *
..,....# ,


You could see a centaur.

Vanquished Creatures
  Maggie (D:6)
  A steam dragon (D:8)
  An orc warrior (D:6)
  A centaur (D:5)
  2 bullfrogs
  A scorpion (D:5)
  A hound (D:7)
  3 orc priests
  2 iguanas (D:7)
  An orc wizard (D:7)
  A white imp (D:7)
  3 ufetubi
  A dart slug (D:4)
  11 orcs
  2 ball pythons
  3 endoplasms (D:1)
  2 goblins
  2 hobgoblins (D:1)
  A kobold (D:2)
  A rat (D:1)
41 creatures vanquished.

Notes
Turn   | Place    | Note
-------+----------+-------------------------------------------
     0 | D:1      | hawla the Meteoran Ice Elementalist began the quest for the
                  | Orb.
     0 | D:1      | Reached XP level 1. HP: 14/14 MP: 5/5
   160 | D:1      | Reached XP level 2. HP: 12/20 MP: 3/6
   203 | D:1      | Found a faded altar of an unknown god.
   444 | D:4      | Reached XP level 3. HP: 18/26 MP: 5/8
   448 | D:4      | Learned a level 3 spell: Frozen Ramparts
   474 | D:4      | Noticed an ice beast
   483 | D:5      | Entered Level 5 of the Dungeon
   510 | D:5      | Reached skill level 5 in Ice Magic
   510 | D:5      | Reached XP level 4. HP: 19/33 MP: 0/11
   522 | D:5      | Found a radiant altar of Vehumet.
   526 | D:5      | Found a runed translucent door.
   533 | D:5      | Became a worshipper of Vehumet
   539 | D:5      | Learned a level 4 spell: Hailstorm
   547 | D:5      | Noticed lotum's ghost (amateur HOFi)
   594 | D:5      | Noticed a centaur
   602 | D:5      | HP: 1/33 [centaur (4)]
   604 | D:5      | Killed a centaur
   605 | D:5      | Reached XP level 5. HP: 24/38 MP: 8/12
   642 | D:5      | Reached XP level 6. HP: 38/45 MP: 7/13
   699 | D:5      | Found a runed translucent door.
   748 | D:5      | Reached skill level 5 in Conjurations
   813 | D:6      | Noticed Maggie
   820 | D:6      | Killed Maggie
   821 | D:6      | Reached skill level 5 in Spellcasting
   821 | D:6      | Reached XP level 7. HP: 35/51 MP: 0/16
   834 | D:6      | Reached XP level 8. HP: 29/58 MP: 0/17
   993 | D:7      | Noticed a steam dragon
  1002 | D:7      | Found a basalt altar of Yredelemnul.
  1119 | D:7      | Learned a level 4 spell: Flame Wave
  1201 | D:7      | Reached * piety under Vehumet
  1201 | D:7      | Offered knowledge of Magic Dart by Vehumet.
  1293 | D:8      | Noticed a steam dragon
  1302 | D:8      | HP: 2/58 [steam dragon/ball of steam (23)]
  1303 | D:8      | Killed a steam dragon
  1327 | D:8      | Shot with an arrow by a centaur

Illustrated notes

Levels and vault maps discovered:
D:1:      dpeg_arrival_renting, layout_loops_corners,
          ebering_ecumenical_altar_rust, minivault_27
D:2:      layout_rooms
D:3:      layout_loops_ring, nicolae_hepliaklqana_monster_ancestors,
          serial_shops, nicolae_shop_competitors_out_of_business
D:4:      layout_rooms
D:5:      layout_basic, vehumet_altar_wand_db, ebering_ghost_sewer_f
D:6:      layout_cave_pods, ebering_ghost_xom, kennysheep_crisscross,
          uniq_crazy_yiuf_cottage, uniq_maggie
D:7:      layout_basic, tgw_trog, mainiacjoe_overflow_small_starburst,
          minmay_temple_entry_slanted
D:8:      layout_cave_pods, uniq_grum

Skill      XL: |  1  2  3  4  5  6  7  8 |
---------------+-------------------------+-----
Spellcasting   | 3 4 5 6 |  6.1
Ice Magic      | 5 6 |  6.3
Conjurations   | 3 4 5 |  5.3
Evocations     | 2 |  2.0
Dodging        | 3 |  3.0
Fire Magic     | 4 |  4.5
Fighting       | |  0.8
Stealth        | |  1.4

Action                   |  1- 3 |  4- 6 |  7- 9 || total
-------------------------+-------+-------+-------++-------
Melee: Unarmed           |     1 |     6 |     6 ||    13
 Cast: Freeze            |    25 |    14 |    16 ||    55
       Frozen Ramparts   |     3 |     5 |     9 ||    17
       Hailstorm         |       |     2 |     3 ||     5
Evoke: Wand              |       |       |     1 ||     1
  Use: Scroll            |     5 |       |     8 ||    13
       Potion            |       |     3 |     2 ||     5
Armor: Robe              |     3 |     8 |    10 ||    21
Dodge: Dodged            |    14 |    16 |    18 ||    48
